 Dungeon Crawl Stone Soup version 0.29-a0-9-g022ca4c890 (webtiles) character file.

Game seed: 5422249549147309995

30 sizableburger the Grasshopper (level 3, 28/28 HPs)
             Began as a Human Warper on Jan 28, 2022.
             Was a Follower of Trog.
             Quit the game on level 1 of the Dungeon.
             The game lasted 00:01:44 (755 turns).

sizableburger the Grasshopper (Human Warper)         Turns: 755, Time: 00:01:45

Health: 28/28      AC:  3    Str: 11    XL:     3   Next: 35%
Magic:  15/15      EV: 11    Int: 15    God:    Trog [*.....]
Gold:   20         SH:  0    Dex: 12    Spells: 4/6 levels left

rFire   . . .      SeeInvis .   f - +1 whip (elec)
rCold   . . .      Faith    .   (no shield)
rNeg    . . .      Spirit   .   b - +0 leather armour
rPois   .          Reflect  .   (no helmet)
rElec   .          Harm     .   (no cloak)
rCorr   .          Rampage  .   (no gloves)
Will    .....                   (no boots)
Stlth   +.........              (no amulet)
HPRegen 0.09/turn               h - ring of magical power
MPRegen 0.14/turn               (no ring)

@: no status effects
A: no striking features
a: Renounce Religion, Berserk


You were on level 1 of the Dungeon.
You worshipped Trog.
Trog was aware of your devotion.
You visited 1 branch of the dungeon, and saw 1 of its levels.

You collected 20 gold pieces.

Inventory:

Hand Weapons
 a - a +0 spear
 f - a +1 whip of electrocution (weapon)
Missiles
 d - 5 boomerangs of dispersal (quivered)
Armour
 b - a +0 leather armour (worn)
Jewellery
 h - a ring of magical power (left hand)
Scrolls
 c - a scroll of blinking
 i - a scroll of enchant armour {unknown}
 j - a scroll of magic mapping {unknown}
 k - a scroll of noise {unknown}
Potions
 e - a potion of lignification {unknown}
 g - a potion of might {unknown}


   Skills:
 + Level 2.5 Fighting
 + Level 0.5 Maces & Flails
 - Level 2.4 Polearms
 - Level 1.0 Throwing
 - Level 1.0 Armour
 - Level 2.0 Dodging
 - Level 2.0 Spellcasting
 - Level 3.2 Translocations
 - Level 0.5 Transmutations


You had 4 spell levels left.
You knew the following spells:

 Your Spells              Type           Power      Damage    Failure   Level
a - Blink                 Tloc           22%        N/A       12%         2

Your spell library contained the following spells:

 Spells                   Type           Power      Damage    Failure   Level
 Gell's Gravitas          Tloc           11%        N/A       22%         3
 Lesser Beckoning         Tloc           11%        N/A       22%         3
 Teleport Other           Tloc           11%        N/A       22%         3
 Beastly Appendage        Tmut           6%         N/A       24%         1
 Wereblood                Tmut           3%         N/A       34%         2
 Spider Form              Tmut/Pois      2%         N/A       61%         3
 Manifold Assault         Tloc           11%        N/A       91%         5


Dungeon Overview and Level Annotations

Branches:
Dungeon (1/15)

Altars:
Trog


Message History

No target in view!
No target in view!
Things that are here:
a +0 whip; a stone You now have 20 gold pieces (gained 18).
Things that are here:
a +0 whip; a stone You see here a giant cockroach corpse.
A bat comes into view.
The bat closely misses you.
A bat is nearby!
A bat is nearby!
The bat hits you but does no damage.
You hit the bat.
You kill the bat!
No target in view!
No target in view!
No target in view!
No target in view!
No target in view!
No target in view!
No target in view!
No target in view!
No target in view!
No target in view!
No target in view!
No target in view!
No target in view!
No target in view!
No target in view!
Found a stone staircase leading down.
Found a faded altar of an unknown god.
Done exploring.
Done exploring.
There is a faded altar of an unknown god here.
You cannot tell which god this altar belongs to.
Convert to them anyway?
Trog accepts your prayer! Trog welcomes you!
You can now go berserk at will.
Are you sure you want to abandon this character and quit the game? (Confirm with "yes".)

#########
############..>....#
...................#
.........###.......#
.######### #...^^^.#
.# ###..@.## ####
#.^.^# ...# ######
##.# #.## ######
#..#### #....#
##....# #....#
####.# #....#
####.####....#


There were no monsters in sight!

Vanquished Creatures
  A gnoll (D:1)
  2 dart slugs (D:1)
  2 ball pythons (D:1)
  An endoplasm (D:1)
  A giant cockroach (D:1)
  A hobgoblin (D:1)
  3 kobolds (D:1)
  A quokka (D:1)
  2 bats (D:1)
  A frilled lizard (D:1)
  A rat (D:1)
16 creatures vanquished.

Notes
Turn   | Place    | Note
-------+----------+-------------------------------------------
     0 | D:1      | sizableburger the Human Warper began the quest for the Orb.
     0 | D:1      | Reached XP level 1. HP: 16/16 MP: 3/3
    30 | D:1      | Reached XP level 2. HP: 15/22 MP: 5/5
   216 | D:1      | Learned a level 2 spell: Blink
   275 | D:1      | Reached XP level 3. HP: 26/28 MP: 6/6
   745 | D:1      | Found a faded altar of an unknown god.
   754 | D:1      | Prayed at the altar of an unknown god.
   754 | D:1      | Became a worshipper of Trog the Wrathful
   754 | D:1      | Reached * piety under Trog
   755 | D:1      | Quit the game

Illustrated notes

Levels and vault maps discovered:
D:1:      dpeg_arrival_leaves_temple_mockup, layout_rooms,
          ebering_ecumenical_altar_webs, minmay_tetromino_l4

Action                   || total
-------------------------++-------
Melee: Spear             ||    15
       Whip              ||    39
Armor: Leather armour    ||    11
Dodge: Dodged            ||    24

Table legend: (Time is in decaauts)
 A = Elapsed time spent in this place.
 B = Non-inter-level travel time spent in this place.
 C = Inter-level travel time spent in this place.
 D = Time resting spent in this place.
 E = Time spent auto-exploring this place.
 F = Levels seen in this place.
 G = Mean time per level.
                   A        B        C        D        E       F      G
               +--------+--------+--------+--------+--------+-----+--------+
         Total |    757 |    749 |      8 |     95 |    512 |   1 |  757.0 |
       Dungeon |    757 |    749 |      8 |     95 |    512 |   1 |  757.0 |
               +--------+--------+--------+--------+--------+-----+--------+

Top non-repeatable levels by time:
     D:1: 757 daAuts
